 Dungeon Crawl Stone Soup version 0.26.1-11-gd32895ea62 (webtiles) character file.

Game seed: 3589569313828463322

92 Saba the Bolt Thrower (level 4, -15/28 HPs)
             Began as a Gargoyle Hunter on July 4, 2021.
             Demolished by an ogre
             ... wielding a +0 giant club
              (17 damage)
             ... on level 4 of the Dungeon.
             The game lasted 00:03:20 (3234 turns).

Saba the Bolt Thrower (Gargoyle Hunter)             Turns: 3234, Time: 00:03:21

Health: -15/28     AC:  9    Str: 16    XL:     4   Next: 60%
Magic:  4/4        EV: 11    Int: 12    God:
Gold:   109        SH:  0    Dex: 10    Spells: 3/3 levels left

rFire    + . .     SeeInvis .   b - +0 short sword
rCold    . . .     Faith    .   (no shield)
rNeg     + . .     Spirit   .   g - +0 ring mail
rPois    ∞         Reflect  .   (no helmet)
rElec    +         Harm     .   (no cloak)
rCorr    .         Rampage  .   (no gloves)
Will     .....                  (no boots)
Stlth    ++........             (no amulet)
HPRegen  0.09/turn              h - ring of stealth
MPRegen  0.09/turn              m - ring of protection from fire

@: no status effects
A: negative energy resistance 1, electricity resistance, unbreathing,
petrification resistance, miasma immunity, AC +3
a: no special abilities


You were on level 4 of the Dungeon.
You visited 1 branch of the dungeon, and saw 4 of its levels.

You collected 109 gold pieces.

Inventory:

Hand Weapons
 a - a +1 hand crossbow
 b - a +0 short sword (weapon)
Missiles
 d - 37 bolts
Armour
 g - a +0 ring mail (worn)
Jewellery
 h - a ring of stealth (left hand)
 m - a ring of protection from fire (right hand)
 n - an uncursed ring of protection from fire
Scrolls
 c - 2 scrolls of enchant armour {unknown}
 i - 2 scrolls of identify {unknown}
 j - a scroll of remove curse {unknown}
 o - a scroll of magic mapping {unknown}
Potions
 e - a potion of curing {unknown}
 f - a potion of magic {unknown}
 k - a potion of degeneration {unknown}
 l - 2 potions of heal wounds {unknown}


   Skills:
 + Level 3.1 Fighting
 + Level 4.5 Crossbows
 + Level 2.0 Armour
 + Level 2.3 Dodging
 - Level 1.1 Stealth


You had 3 spell levels left.
You didn't know any spells.
Your spell library was empty.

Dungeon Overview and Level Annotations

Branches:
Dungeon (4/15)
 Temple: D:4-7

Altars:
Hepliaklqana
Vehumet


Innate Abilities, Weirdness & Mutations

You are resistant to torment.
Your stone body is resilient. (AC +3)
You are immune to poison.
You resist negative energy. (rN+)
You are resistant to electric shocks. (rElec)
You can survive without breathing.
You are immune to petrification.
You are immune to miasma.


Message History

The worm barely misses you.
You hit the ogre.
The ogre is lightly wounded.
The ogre hits you with a +0 giant club!!
Ouch! That really hurt!
The worm barely misses you.
There is a stone staircase leading up here.
You are too injured to fight recklessly!
You hit the ogre.
The ogre is lightly wounded.
The ogre hits you with a +0 giant club.
* * * LOW HITPOINT WARNING * * *
There is a stone staircase leading up here.
You barely miss the ogre.
The ogre is lightly wounded.
The ogre hits you with a +0 giant club!
* * * LOW HITPOINT WARNING * * *
The ogre hits you with a +0 giant club!
Ouch! That really hurt!
You die...

###########
#....@....#
#.....O.w.# #######
#.........######....[.
#.....................
#..........####.......
#...?.....#####.#.....
#.........##....#.....
#............####.....
#.........##.####.....


You could see an ogre and a worm.

Vanquished Creatures
  3 adders
  3 oozes
  A worm (D:3)
  2 dart slugs
  2 ball pythons
  7 bats
  A giant cockroach (D:3)
  6 goblins
  2 hobgoblins
  2 jackals (D:3)
  3 quokkas
  A frilled lizard (D:1)
  5 kobolds
  11 rats
49 creatures vanquished.

Vanquished Creatures (others)
  A goblin (D:3)
1 creature vanquished.

Grand Total: 50 creatures vanquished

Notes
Turn   | Place    | Note
-------+----------+-------------------------------------------
     0 | D:1      | Saba the Gargoyle Hunter began the quest for the Orb.
     0 | D:1      | Reached XP level 1. HP: 12/12 MP: 1/1
   436 | D:1      | Reached XP level 2. HP: 12/18 MP: 2/2
   790 | D:1      | Reached skill level 1 in Armour
  1237 | D:2      | Reached XP level 3. HP: 3/22 MP: 3/3
  2461 | D:3      | Reached XP level 4. HP: 14/27 MP: 4/4
  2613 | D:3      | Found a radiant altar of Vehumet.
  2730 | D:3      | Found a hazy altar of Hepliaklqana.
  3184 | D:4      | Noticed an ogre
  3219 | D:4      | HP: 1/28 [ogre/+0 giant club (7)]
  3234 | D:4      | Demolished by an ogre

Illustrated notes

Levels and vault maps discovered:
D:1:      dpeg_arrival_pits, layout_loops_corners, minmay_misc_feat_plants
D:2:      layout_basic
D:3:      layout_rooms, nzn_hepliaklqana_mist_gate, fiery_altar_vehumet,
          grunt_decor_resistance
D:4:      layout_rooms, grunt_gozag_breadcrumbs,
          nemelex_xobeh_ov_fountains_minmay, minmay_temple_entry_enclosed_plants

Skill      XL: |  1  2  3  4 |
---------------+-------------+-----
Armour         | 1 2 |  2.0
Dodging        | 2 |  2.3
Fighting       | 3 |  3.1
Crossbows      | |  4.5
Stealth        | |  1.1

Action                   |  1- 3 |  4- 6 || total
-------------------------+-------+-------++-------
Melee: Short sword       |   140 |    83 ||   223
 Stab: Sleeping          |     1 |       ||     1
Armor: Leather armour    |    24 |       ||    24
       Ring mail         |    35 |    50 ||    85
Dodge: Dodged            |    87 |    92 ||   179
